Map: New Repugnancy LE

Players

Cham - Winner!

  • Race: Zerg Zerg
  • League: Master
  • Spawn Location: 1:00

MaSa

  • Race: Terran Terran
  • League: Master
  • Spawn Location: 7:00

Event: 2019 WCS Winter Americas

VOD

Have the link to the VOD?

Description

Time

  • Played on: March 24, 2019, 12:47 p.m.
  • Length: 15:43

All games in this series

Show
View Real Time Build Order
Export as new Build Order

Cham Zerg - Winner!

Build Orders: Hatch First 

Get SALT Encoding   

  12  0:00  Drone  
  13  0:08  Drone  
  14  0:17  Overlord  
  14  0:35  Drone x2  
  16  0:49  Hatchery  
  15  0:52  Drone  
  16  1:05  Spawning Pool  
  16  1:09  Drone  
  16  1:12  Drone  
  16  1:16  Drone  
  18  1:19  Extractor  
  18  1:22  Drone  
  18  1:31  Drone  
  19  1:52  Queen  
  19  1:53  Zergling x2  
  22  1:56  Overlord  
  22  2:00  Queen  
  24  2:02  Zergling x2  
  24  2:04  Drone  
  26  2:13  Drone  
  26  2:14  Drone  
  28  2:20  Metabolic Boost  
  28  2:23  Drone  
  28  2:25  Drone  
  30  2:30  Queen  
  32  2:46  Queen  
  32  2:49  Drone x2  
  32  2:50  Overlord  
  36  2:52  Overlord  
  36  3:08  Hatchery  
  36  3:10  Drone  
  36  3:11  Drone  
  36  3:12  Drone  
  38  3:14  Drone  
  38  3:16  Drone  
  38  3:19  Drone  
  39  3:32  Overlord  
  39  3:34  Drone x2  
  41  3:36  Drone  
  41  3:38  Drone  
  41  3:40  Queen  
  45  3:41  Drone x2  
  45  3:42  Drone  
  45  3:47  Queen  
  50  3:54  Overlord  
  50  3:59  Overlord  
  50  4:01  Zergling x2  
  51  4:03  Zergling x6  
  51  4:06  Zergling x2  
  55  4:10  Zergling x2  
  55  4:13  Drone x3  
  59  4:20  Drone, Queen  
  59  4:21  Queen  
  64  4:24  Drone x2  
  64  4:27  Drone  
  64  4:28  Drone x2  
  69  4:32  Drone  
  69  4:36  Drone  
  71  4:38  Drone  
  71  4:40  Overlord  
  71  4:43  Overlord  
  72  4:47  Spore Crawler x2  
  72  4:48  Drone, Spore Crawler  
  70  4:57  Drone x3  
  73  5:01  Overlord  
  73  5:04  Drone x2  
  73  5:05  Overlord  
  73  5:06  Lair  
  75  5:07  Extractor  
  75  5:08  Baneling Nest  
  75  5:09  Drone  
  75  5:13  Queen  
  76  5:17  Queen  
  78  5:21  Overlord  
  78  5:22  Zergling x6  
  78  5:24  Zergling x2  
  78  5:26  Zergling x4  
  84  5:31  Zergling x2  
  84  5:34  Zergling x4  
  84  5:35  Zergling x4  
  83  5:38  Zergling x4  
  77  5:43  Zergling x4  
  77  5:44  Zergling x6  
  77  5:45  Zergling x2  
  77  5:46  Zergling x2  
  77  5:49  Queen  
  78  5:56  Drone x4  
  80  5:57  Drone  
  80  6:02  Extractor  
  80  6:03  Extractor x2  
  77  6:04  Drone x3  
  77  6:10  Evolution Chamber  
  77  6:11  Evolution Chamber  
  78  6:13  Baneling x8  
  78  6:18  Baneling  
  78  6:19  Zergling x4  
  78  6:20  Hatchery  
  78  6:22  Zergling x2  
  79  6:27  Zergling x2  
  79  6:28  Drone  
  79  6:31  Drone x2  
  82  6:35  Baneling  
  82  6:36  Drone  
  79  6:41  Zergling x10  
  79  6:42  Zergling x2  
  79  6:45  Zergling x2  
  79  6:46  Zergling x2  
  86  6:49  Zergling x6  
  85  6:56  Zergling x2  
  80  7:02  Drone x2  
  80  7:04  Overlord x2  
  80  7:05  Overlord  
  81  7:11  Hatchery  
  81  7:15  Overlord x3  
  78  7:19  Overlord  
  75  7:28  Drone x5  
  74  7:33  Zerg Ground Armor Level 1, Zerg Melee Weapons Level 1  
  74  7:36  Queen  
  74  7:37  Zergling x4  
  74  7:38  Zergling x2  
  74  7:39  Overseer  
  74  7:40  Queen  
  79  7:45  Zergling x6  
  79  7:46  Zergling x8  
  79  7:47  Baneling x2  
  79  7:50  Drone  
  87  7:56  Drone x5  
  87  7:57  Overlord  
  92  7:59  Baneling x6  
  92  8:05  Infestation Pit  
  91  8:07  Baneling  
  91  8:08  Drone x3, Baneling x2  
  91  8:09  Drone x3  
  91  8:10  Overlord  
  91  8:11  Drone, Overlord  
  91  8:12  Zergling x4  
  100  8:14  Zergling x2  
  100  8:19  Drone x3  
  104  8:21  Zergling x4  
  104  8:24  Zergling x6  
  104  8:25  Zergling x4  
  111  8:28  Drone  
  111  8:32  Zergling x4  
  111  8:33  Queen  
  110  8:36  Drone  
  110  8:37  Drone  
  110  8:40  Zergling x4  
  110  8:41  Drone x3  
  106  8:42  Hive, Burrow  
  106  8:44  Drone x2  
  106  8:48  Zergling x4  
  108  8:49  Zergling x4  
  108  8:52  Centrifical Hooks  
  108  8:54  Drone x2  
  108  8:55  Drone x2  
  114  8:58  Zergling x2  
  114  8:59  Overlord, Zergling x2  
  114  9:01  Zergling x4  
  114  9:02  Zergling x2  
  119  9:06  Overlord  
  119  9:07  Zergling x6  
  119  9:08  Zergling x2  
  123  9:13  Extractor, Overlord, Zergling x2  
  123  9:14  Zergling x2  
  124  9:19  Zergling x6  
  124  9:20  Zergling x4  
  126  9:27  Spore Crawler  
  126  9:29  Zergling x2  
  124  9:32  Overlord, Zergling x2  
  124  9:33  Zergling x8  
  124  9:34  Zergling x2  
  124  9:36  Zergling x4  
  131  9:39  Overlord  
  131  9:40  Zergling x6  
  131  9:44  Zerg Ground Armor Level 2, Zerg Melee Weapons Level 2  
  134  9:47  Overlord x2  
  134  9:50  Zergling x2  
  134  9:52  Zergling x2  
  136  9:53  Baneling  
  136  9:55  Zergling x2  
  137  10:01  Baneling x2  
  137  10:02  Zergling x2  
  137  10:03  Adrenal Glands  
  137  10:05  Ultralisk Cavern, Drone x2  
  137  10:06  Spire  
  135  10:12  Zergling x4  
  135  10:13  Baneling x4  
  136  10:14  Baneling x2  
  136  10:15  Zergling x4  
  136  10:22  Hatchery  
  136  10:24  Drone, Viper  
  136  10:26  Drone  
  140  10:29  Extractor  
  140  10:32  Drone x3  
  143  10:35  Drone x2  
  143  10:36  Drone x3  
  143  10:37  Drone, Zergling x4  
  143  10:39  Overlord  
  143  10:40  Zergling x8  
  143  10:41  Zergling x2  
  143  10:42  Zergling x4  
  157  10:44  Overseer  
  157  10:45  Zergling x4  
  157  10:46  Zergling x6  
  157  10:47  Baneling x4  
  162  10:51  Chitinous Plating  
  162  10:56  Drone  
  162  10:57  Drone  
  164  11:00  Zergling x2  
  164  11:02  Spore Crawler  
  164  11:03  Zergling x4  
  166  11:05  Drone  
  166  11:07  Spore Crawler  
  166  11:08  Zergling x2  
  166  11:09  Zergling x6  
  166  11:10  Zergling x4  
  172  11:11  Baneling x2  
  172  11:12  Baneling  
  155  11:36  Zerg Flyer Weapons Level 1  
  155  11:37  Ultralisk x3  
  171  11:43  Drone x3, Extractor  
  171  11:45  Ultralisk  
  171  11:46  Spine Crawler  
  178  11:48  Overlord  
  178  11:51  Baneling x9  
  178  11:55  Zergling x2  
  178  11:56  Zergling x4  
  178  11:58  Zergling x6  
  178  12:00  Zergling x2  
  185  12:07  Corruptor  
  185  12:08  Corruptor x2  
  187  12:09  Corruptor  
  187  12:10  Anabolic Synthesis  
  188  12:27  Ultralisk  
  188  12:28  Zergling x16  
  188  12:29  Baneling, Zergling x4  
  199  12:30  Baneling x9  
  195  12:38  Zergling x2  
  195  12:39  Zergling x2  
  152  13:04  Corruptor, Ultralisk x3  
  152  13:05  Zergling x38  
  173  13:06  Baneling x2  
  173  13:09  Zergling x4  
  173  13:11  Baneling x2  
  173  13:12  Extractor  
  178  13:13  Drone  
  178  13:17  Zergling x2  
  178  13:19  Zergling x4  
  182  13:21  Hatchery, Zergling x6  
  184  13:28  Drone x2  
  184  13:30  Zergling x4  
  184  13:32  Baneling  
  184  13:33  Baneling x9  
  184  13:34  Baneling  
  188  13:37  Drone x3  
  188  13:38  Drone, Hatchery  
  188  13:39  Baneling  
  188  13:40  Baneling x4  
  191  13:41  Zergling x2, Spore Crawler  
  191  13:43  Zergling x2  
  191  13:46  Viper x2  
  198  13:57  Baneling x10  
  198  14:02  Zergling x2  
  199  14:03  Greater Spire  
  199  14:09  Extractor, Overseer, Zergling x2  
  200  14:10  Zergling x2  
  200  14:11  Baneling x5  
  199  14:33  Zergling x2  
  196  14:42  Zergling x6  
  196  14:43  Zergling x8  
  195  14:47  Drone x4  
  195  14:48  Drone x2  
  195  14:51  Drone x3  
  195  14:52  Drone  
  194  14:54  Baneling x2  
  194  14:55  Baneling x2  
  194  15:01  Corruptor x3  
Show
View Real Time Build Order
Export as new Build Order

MaSa Terran 

Build Orders: Gas First Reaper Expand 

Get SALT Encoding   

  12  0:00  SCV  
  13  0:12  SCV  
  14  0:17  Supply Depot  
  14  0:24  SCV  
  14  0:27  Refinery  
  15  0:38  SCV  
  16  0:44  Barracks  
  16  0:50  SCV  
  17  1:02  SCV  
  18  1:15  SCV  
  19  1:31  Orbital Command, Reaper  
  20  1:44  Command Center  
  20  1:57  Factory  
  20  2:00  SCV  
  21  2:04  Barracks Reactor  
  21  2:12  SCV  
  21  2:15  Supply Depot  
  22  2:20  Refinery  
  22  2:24  SCV  
  23  2:36  SCV  
  24  2:45  Starport  
  24  2:49  SCV  
  25  2:51  Hellion x2, Barracks Tech Lab  
  29  3:01  Orbital Command  
  29  3:05  SCV  
  30  3:10  Marauder  
  32  3:13  Hellion  
  32  3:18  SCV  
  35  3:21  Hellion  
  37  3:29  Viking  
  37  3:30  SCV  
  37  3:32  SCV  
  41  3:38  Supply Depot  
  41  3:41  Concussive Shells  
  41  3:45  Marauder  
  41  3:46  SCV  
  44  3:50  SCV  
  45  3:58  SCV  
  45  4:00  Hellion x2  
  45  4:01  Supply Depot  
  50  4:08  SCV  
  51  4:11  Marauder  
  51  4:14  SCV  
  54  4:20  Supply Depot  
  54  4:22  Armory  
  54  4:23  Medivac  
  56  4:24  SCV  
  56  4:27  Supply Depot  
  57  4:32  Hellion  
  57  4:33  Hellion  
  61  4:40  SCV  
  61  4:42  Marauder, Stimpack  
  61  4:44  SCV  
  65  4:52  SCV, Liberator  
  66  4:56  SCV  
  67  5:06  Command Center  
  67  5:07  Supply Depot  
  67  5:11  SCV  
  71  5:22  SCV  
  71  5:26  SCV  
  71  5:27  Barracks  
  71  5:29  Barracks  
  71  5:33  Factory Reactor  
  69  5:36  SCV  
  66  5:45  SCV  
  66  5:48  SCV  
  66  5:49  Engineering Bay  
  62  5:50  Engineering Bay  
  56  5:57  Starport Reactor  
  56  5:59  Starport Tech Lab, SCV  
  56  6:00  Starport Reactor  
  54  6:04  Supply Depot  
  54  6:05  SCV  
  54  6:06  Refinery  
  54  6:07  Refinery  
  55  6:11  SCV  
  55  6:14  Marine, Barracks  
  55  6:16  Terran Infantry Weapons Level 1, Barracks  
  55  6:17  Terran Infantry Armor Level 1, SCV  
  58  6:19  Factory Tech Lab  
  58  6:21  Orbital Command  
  58  6:23  SCV  
  59  6:29  Marine x2  
  59  6:32  Marine  
  62  6:34  SCV  
  62  6:38  Siege Tank  
  66  6:47  Marine x3  
  57  6:50  Marine  
  57  6:52  Marine  
  48  7:05  Barracks Reactor  
  48  7:08  Marine  
  49  7:10  Marine, SCV  
  49  7:15  SCV  
  52  7:17  Marine x3  
  55  7:26  Marine, SCV  
  55  7:28  Marine  
  57  7:30  SCV  
  57  7:34  SCV  
  57  7:35  Marine x2  
  60  7:38  SCV  
  60  7:39  Marine  
  60  7:43  SCV  
  63  7:44  Marine  
  63  7:45  Marine x2  
  63  7:48  Marine  
  63  7:50  Barracks Reactor  
  68  7:53  SCV  
  68  7:55  Orbital Command, SCV  
  68  7:57  Supply Depot  
  69  8:02  Marine x4  
  69  8:03  Medivac, Supply Depot  
  75  8:05  SCV  
  75  8:07  SCV  
  77  8:15  Terran Infantry Armor Level 2  
  77  8:19  Marine x3, SCV  
  81  8:26  Marine x4  
  85  8:28  SCV  
  85  8:32  Terran Infantry Weapons Level 2  
  84  8:35  Marine  
  84  8:36  Marine  
  84  8:37  SCV  
  87  8:41  Marine  
  87  8:42  Marine x2  
  87  8:44  Marine x2, SCV x2  
  91  8:49  SCV  
  91  8:51  Marine  
  91  8:53  Combat Shield  
  91  8:55  Supply Depot  
  93  8:57  Supply Depot  
  93  9:05  Factory Reactor  
  93  9:08  Command Center  
  93  9:16  Marine x2  
  98  9:17  Marine, SCV x3  
  98  9:18  Marine x3  
  102  9:25  Marine x3  
  102  9:26  Factory  
  102  9:29  SCV  
  105  9:31  SCV  
  105  9:34  Marine x2  
  105  9:35  Marine  
  109  9:44  Supply Depot  
  109  9:45  Supply Depot  
  109  9:53  Supply Depot  
  109  9:56  Terran Vehicle And Ship Armor Level 1  
  109  10:04  Marine x2, Medivac  
  109  10:05  Marine, SCV x3  
  109  10:06  Widow Mine x2  
  109  10:07  Marine  
  117  10:09  Marine x5  
  117  10:11  Drilling Claws  
  119  10:17  SCV x2  
  119  10:18  Supply Depot  
  120  10:22  Marine x2, Medivac  
  120  10:23  SCV  
  125  10:29  SCV  
  125  10:32  Sensor Tower  
  125  10:34  Marine x2  
  125  10:35  Marine  
  129  10:36  SCV  
  129  10:37  Supply Depot  
  129  10:42  Supply Depot  
  130  10:45  Medivac  
  130  10:47  Terran Infantry Armor Level 3  
  130  10:49  SCV  
  133  10:50  Marine x2  
  133  10:56  Marine, Terran Infantry Weapons Level 3  
  136  10:58  SCV  
  136  10:59  SCV  
  138  11:07  Supply Depot  
  138  11:10  SCV  
  138  11:11  Refinery, Widow Mine x2  
  143  11:12  Refinery, SCV, Supply Depot, Widow Mine  
  143  11:14  Marine  
  143  11:15  SCV  
  148  11:20  Marine x3  
  149  11:26  Marine x4  
  149  11:30  Marauder, SCV  
  149  11:32  Marine  
  156  11:33  Widow Mine  
  156  11:36  SCV  
  156  11:37  Marine  
  156  11:38  Marine x2, Medivac  
  156  11:39  Medivac  
  155  11:41  SCV  
  155  11:43  Marine  
  155  11:44  Marine x2  
  155  11:45  Planetary Fortress  
  159  11:47  Marine  
  159  11:49  Marine  
  159  11:51  Marauder  
  159  11:52  SCV  
  164  11:54  Widow Mine  
  164  11:55  Widow Mine  
  164  11:56  SCV, Widow Mine  
  164  11:59  SCV  
  172  12:02  Terran Vehicle And Ship Armor Level 2  
  170  12:13  Barracks x2  
  170  12:16  Widow Mine x2  
  170  12:18  Barracks  
  172  12:22  Marine  
  172  12:23  Marauder  
  172  12:26  Marine x4  
  179  12:30  Medivac  
  179  12:31  Medivac  
  179  12:35  Marine  
  180  12:37  Supply Depot  
  180  12:38  Marine  
  180  12:40  Widow Mine  
  178  12:44  Marauder  
  178  12:47  Marine x2  
  178  12:49  Marine x2  
  155  12:55  Marine x2  
  155  12:58  SCV  
  124  12:59  Marine  
  124  13:05  Marine, SCV x2  
  119  13:06  Marauder  
  122  13:13  Marine  
  122  13:15  Barracks Tech Lab  
  122  13:16  Barracks Tech Lab, Command Center  
  122  13:17  Barracks Tech Lab  
  122  13:19  Widow Mine  
  125  13:27  Marauder  
  125  13:30  Command Center  
  125  13:31  Widow Mine x2  
  125  13:33  SCV  
  132  13:35  SCV x2  
  132  13:37  Medivac  
  132  13:38  Medivac  
  138  13:41  Marine  
  138  13:42  Marauder  
  138  13:43  Widow Mine  
  143  13:49  Marauder  
  143  13:51  Marine x2  
  143  13:52  Marauder, Widow Mine x2  
  153  13:56  Marine x3  
  153  13:57  Marauder  
  153  13:58  Marine  
  159  14:04  Widow Mine  
  159  14:06  Marine  
  159  14:07  Marine, Marauder  
  163  14:10  Marine x2, Marauder  
  163  14:12  Marine  
  163  14:14  Widow Mine  
  163  14:16  Marine  
  171  14:18  Marauder  
  171  14:27  Ghost Academy  
  171  14:28  Marauder  
  171  14:29  Marine  
  171  14:31  Marauder  
  158  14:33  Marine x2  
  158  14:39  Marine  
  158  14:40  Marine, Marauder  
  159  14:47  Marine  
  159  14:48  Marauder  
  159  14:52  Marauder  
  160  14:56  Widow Mine  
  156  15:13  Marine, Marauder  
  152  15:17  Marine x6, Marauder  
  152  15:21  Marine, Marauder  
Tags
 
Add a new tag
Caveats
  • Supply blocks, unpowered buildings, or Contaminate may cause inaccurate times.
  • Supply counts are checked every 10 seconds.